 Dungeon Crawl Stone Soup version 0.25-a0-876-gadf69d5 (webtiles) character file.

Game seed: 17324369444158417440, levelgen mode: deterministic

481 BlueFish the Insei (level 7, -1/45 HPs)
             Began as an Octopode Transmuter on May 1, 2020.
             Was an Initiate of Cheibriados.
             Succumbed to a worker ant's poison
             ... on level 5 of the Dungeon.
             The game lasted 00:14:16 (4700 turns).

BlueFish the Insei (Octopode Transmuter)            Turns: 4700, Time: 00:14:17

Health: -1/45      AC: -2    Str: 12    XL:     7   Next: 12%
Magic:  10/10      EV: 21    Int: 16    God:    Cheibriados [......]
Gold:   164        SH:  0    Dex: 19    Spells: 5/11 levels left

rFire    . . .     SeeInvis .     - Unarmed
rCold    . . .     Gourm    .   (shield currently unavailable)
rNeg     . . .     Faith    .   (helmet currently unavailable)
rPois    x         Spirit   .   i - amulet of magic regeneration
rElec    .         Reflect  .   f - ring of stealth
rCorr    .         Harm     .   (no ring)
MR       .....                  (no ring)
Stlth    ++++......             (no ring)
HPRegen  0.15/turn              (no ring)
MPRegen  0.37/turn              (no ring)
                                (no ring)
                                (no ring)

@: lethally poisoned (-1 -> -21), spider-form (expiring), corroded, starving,
very slow
A: tiny, almost no armour, stealthy swim, (amphibious), 8 rings, (constrict 8)
a: End Transformation, Bend Time, Renounce Religion


You were on level 5 of the Dungeon.
You worshipped Cheibriados.
Cheibriados was noncommittal.
You were starving.
You were a venomous arachnid creature.
You visited 2 branches of the dungeon, and saw 6 of its levels.

You collected 164 gold pieces.

Inventory:

Missiles
 a - 30 arrows
Jewellery
 f - a ring of stealth (left front leg)
 i - an amulet of magic regeneration (around neck)
Scrolls
 b - a scroll of remove curse
 e - 4 scrolls of fear
 h - 2 scrolls of amnesia
 m - a scroll of enchant armour
Potions
 d - a potion of degeneration {unknown}
 g - 2 potions of curing
 j - a potion of stabbing {unknown}
 k - 2 potions of might {unknown}
 l - a potion of brilliance {unknown}
 n - a potion of ambrosia {unknown}
Comestibles
 c - 6 rations


   Skills:
 * Level 2.4 Fighting
 * Level 2.8 Dodging
 * Level 4.6 Stealth
 * Level 4.7 Unarmed Combat
 + Level 2.6 Spellcasting
 * Level 3.0 Transmutations
 * Level 2.0 Poison Magic
 * Level 1.3 Invocations


You had 5 spell levels left.
You knew the following spells:

 Your Spells              Type           Power        Failure   Level  Hunger
a - Beastly Appendage     Tmut           ##....       16%         1    #......
b - Sticks to Snakes      Tmut           ##......     22%         2    ##.....
c - Spider Form           Tmut/Pois      ##........   41%         3    ###....

Your spell library contained the following spells:

 Spells                   Type           Power        Failure   Level  Hunger
 Ice Form                 Ice/Tmut       #.......     87%         4    #####..
 Blade Hands              Tmut           ##........   94%         5    ######.


Dungeon Overview and Level Annotations

Branches:
Dungeon (5/15)             Temple (1/1) D:4

Altars:
Cheibriados
Elyvilon
Gozag
Kikubaaqudgha
Makhleb
Nemelex Xobeh
Okawaru
Qazlal
Wu Jian
Xom


Innate Abilities, Weirdness & Mutations

You cannot wear most types of armour.
You are very stealthy in the water. (Stealth+)
((You are amphibious.))
You can wear up to eight rings at the same time.
((You can use your tentacles to constrict eight enemies at once.))
((Your skin changes colour to match your surroundings (Stealth+).))
((Your rubbery body absorbs attacks. (AC +1, EV +1)))


Message History

Your transformation is almost over.
You feel very sick.
You kill the worker ant!
Cheibriados appreciates the change of pace.
The jackal closely misses you.
You bite the jelly!
Your front legs burn!
* * * LOW HITPOINT WARNING * * *
The jelly is heavily wounded.
* * * LOW HITPOINT WARNING * * *
You feel sick. The jackal completely misses you. The jelly closely misses you.
The jackal bites you but does no damage.
You bite the jelly!
The jelly is poisoned.
The acid corrodes you!
Your front legs burn!
* * * LOW HITPOINT WARNING * * *
The jelly is almost dead.
* * * LOW HITPOINT WARNING * * *
You feel sick. The jelly closely misses you. The jackal completely misses you.
* * * LOW HITPOINT WARNING * * *
You feel sick. The jackal completely misses you. The jelly closely misses you.
You die...

#.##.#.. #.#....#. #
#.#.#... .# #.#....
..# # #.....# ..
..#.#.#...##.#.#
........J......#
(####..h.†..###
#..s..##############
#..................#
###.#.############.#
#...# #.# ###.# #..
#.# #.# #.# #.# #.#
#.# ### #.#


You could see a jelly and a jackal.

Vanquished Creatures
  An ogre (D:4)
  A scorpion (D:5)
  A jelly (D:5)
  A gnoll shaman (D:4)
  A hound (D:4)
  Jessica (D:2)
  An iguana (D:4)
  Terence (D:3)
  2 worker ants
  A worker ant zombie (D:3)
  4 adders
  2 worms (D:2)
  2 dart slugs (D:4)
  3 leopard geckos
  8 bats
  4 giant cockroaches
  10 hobgoblins
  6 jackals
  6 kobolds
  4 quokkas
  6 frilled lizards
  16 goblins
  9 rats
91 creatures vanquished.

Notes
Turn   | Place    | Note
-------+----------+-------------------------------------------
     0 | D:1      | BlueFish the Octopode Transmuter began the quest for the
                  | Orb.
     0 | D:1      | Reached XP level 1. HP: 13/13 MP: 3/3
   138 | D:1      | Reached XP level 2. HP: 18/18 MP: 3/5
   149 | D:1      | Learned a level 2 spell: Sticks to Snakes
   596 | D:1      | Reached XP level 3. HP: 12/23 MP: 6/6
   601 | D:1      | Learned a level 3 spell: Spider Form
   870 | D:1      | Reached skill level 1 in Stealth
  1568 | D:2      | Found a shimmering altar of Xom.
  1568 | D:2      | Found a shimmering altar of Xom.
  1570 | D:2      | Found a shimmering altar of Xom.
  1579 | D:2      | Found a shimmering altar of Xom.
  1582 | D:2      | Found a shimmering altar of Xom.
  1582 | D:2      | Found a shimmering altar of Xom.
  1616 | D:2      | Found a faded altar of an unknown god.
  1730 | D:2      | Noticed Jessica
  1737 | D:2      | Killed Jessica
  1737 | D:2      | Reached XP level 4. HP: 15/28 MP: 5/7
  2421 | D:3      | Reached skill level 1 in Poison Magic
  2719 | D:3      | Noticed Terence
  2725 | D:3      | Killed Terence
  2725 | D:3      | Reached XP level 5. HP: 34/34 MP: 6/8
  3092 | D:3      | Found a white marble altar of Elyvilon.
  3162 | D:3      | Found a burning altar of Makhleb.
  3174 | D:3      | Found an opulent altar of Gozag.
  3203 | D:3      | Found a sparkling altar of Nemelex Xobeh.
  3396 | D:4      | Found a staircase to the Ecumenical Temple.
  3406 | Temple   | Entered the Ecumenical Temple
  3498 | Temple   | Became a worshipper of Cheibriados the Contemplative
  3601 | D:4      | Reached XP level 6. HP: 10/39 MP: 7/9
  4353 | D:4      | Reached skill level 1 in Invocations
  4439 | D:5      | Entered Level 5 of the Dungeon
  4489 | D:5      | Reached XP level 7. HP: 11/45 MP: 10/10
  4699 | D:5      | HP: 2/45 [poisoned by a worker ant]
  4700 | D:5      | Succumbed to a worker ant's poison

Levels and vault maps discovered:
D:1:      sevenhm_arrival_forest_fort_large_4, layout_loops_ring
D:2:      layout_loops_corners, chequers_ecumenical_altar_island,
          xom_redecorated, uniq_jessica
D:3:      layout_loops_corners, nicolae_overflow_quartered_altars, uniq_terence
D:4:      minmay_wonky_spiral, layout_rooms,
          minmay_temple_entry_statues_pillars, serial_curves, eino_curves_01,
          eino_curves_01, first_ration, wad_rectangle_vault
D:5:      layout_basic
Temple:   nicolae_temple_figure_eight

Skill      XL: |  1  2  3  4  5  6 |
---------------+-------------------+-----
Stealth        | 2 3 4 |  4.6
Poison Magic   | 1 2 |  2.0
Unarmed Combat | 4 |  4.7
Fighting       | 2 |  2.4
Invocations    | 1 |  1.3
Transmutations | 3 |  3.0
Dodging        | |  2.8
Spellcasting   | |  2.6

Action                   |  1- 3 |  4- 6 |  7- 9 || total
-------------------------+-------+-------+-------++-------
Melee: Unarmed           |    84 |   113 |     8 ||   205
       Constrict         |    21 |    25 |       ||    46
       Kick              |    13 |    20 |       ||    33
       Tentacles         |     9 |    22 |       ||    31
       Punch             |     1 |     3 |       ||     4
 Cast: Beastly Appendage |    20 |    27 |       ||    47
       Spider Form       |       |       |     1 ||     1
  Use: Scroll            |     4 |     3 |       ||     7
 Stab: Sleeping          |     8 |    17 |       ||    25
  Eat: Chunk             |     2 |     9 |       ||    11
Armor: Skin              |     4 |     3 |     1 ||     8
Dodge: Dodged            |    44 |    55 |    19 ||   118

Table legend:
 A = Non-vault XP
 B = Vault XP
 C = Vault XP percentage of total XP
 D = Non-vault monster count
 E = Vault monster count
 F = Vault count percentage of total count
                 A         B        C        D         E       F
            +---------+---------+-------+---------+---------+-------
      Total |     444 |     244 |  35.5 |      85 |       6 |   6.6
            +---------+---------+-------+---------+---------+-------
        D:1 |      49 |       0 |   0.0 |      31 |       0 |   0.0
        D:2 |      41 |      37 |  47.4 |      14 |       1 |   6.7
        D:3 |      71 |      32 |  31.1 |      26 |       1 |   3.7
        D:4 |     135 |     175 |  56.5 |       9 |       4 |  30.8
        D:5 |     148 |       0 |   0.0 |       5 |       0 |   0.0
            +---------+---------+-------+---------+---------+-------
